 Dungeon Crawl Stone Soup version 0.32-a0-540-g866d13106e (webtiles) character file.

Game seed: 5612237167703965096

1136 HC7 the Ruffian (level 8, -2/68 (74) HPs)
             Began as a Troll Warper on Feb 28, 2024.
             Killed from afar by Maggie (17 damage)
             ... with a bolt of fire
             ... on level 6 of the Dungeon.
             The game lasted 00:13:34 (4504 turns).

HC7 the Ruffian (Troll Warper)                      Turns: 4504, Time: 00:13:35

HP:   -2/68 (74)    AC: 11    Str: 20    XL:     8   Next: 14%
MP:   0/10          EV: 10    Int:  9    God:
Gold: 238           SH:  5    Dex: 11    Spells: 0/12 levels left

rFire   . .          .
                       - Unarmed
rCold   . . .        (no shield)
rNeg    . . .        b - +1 robe
rPois   .            y - +2 hat
rElec   .            (no cloak)
rCorr   .            (gloves unavailable)
SInv    .            (boots unavailable)
Will    .....        v - amulet of reflection
Stlth   ++           f - ring of wizardry
HPRegen 1.11/turn    l - +4 ring of protection
MPRegen 0.12/turn

%: reflection, wizardry (x1)
@: on blink cooldown, very slightly contaminated, drained
A: large, unfitting armour, claws 3, regeneration 1, shaggy fur 1, tough skin 1
a: no special abilities


You were on level 6 of the Dungeon.
You visited 1 branch of the dungeon, and saw 6 of its levels.

You collected 238 gold pieces.

Inventory:

Hand Weapons
 a - a +0 spear
 q - a +0 whip of electrocution
 r - a +0 sling
 w - a +1 falchion of protection
Missiles
 d - 6 darts of dispersal (quivered)
 n - 3 poisoned darts
Armour
 b - a +1 robe (worn)
 t - the +4 ring mail of the Skies Above {rCorr MP+9}
   (You found it on level 5 of the Dungeon)

   MP+9:      It affects your magic capacity (+9).
   rCorr:     It protects you from acid and corrosion.
 y - a +2 hat (worn)
Jewellery
 f - a ring of wizardry (left claw)
 l - a +4 ring of protection (right claw)
 v - an amulet of reflection (around neck)
 A - a ring of fire
Talismans
 s - a maw talisman
Wands
 p - a wand of paralysis (13)
 u - a wand of flame (26)
Scrolls
 c - a scroll of blinking
 e - 7 scrolls of identify
 g - a scroll of revelation
 x - a scroll of teleportation
 z - a scroll of immolation
 B - a scroll of amnesia
Potions
 h - 2 potions of ambrosia
 i - 2 potions of heal wounds {unknown}
 j - 3 potions of lignification {unknown}
 k - 2 potions of might {unknown}
 m - 2 potions of mutation {unknown}
 o - a potion of invisibility {unknown}
 C - a potion of degeneration {unknown}


   Skills:
 + Level 2.4 Fighting
 + Level 1.8 Polearms
 + Level 0.8 Throwing
 + Level 4.1 Dodging
 * Level 2.1 Stealth
 + Level 5.2 Unarmed Combat
 * Level 2.5 Spellcasting
 + Level 2.6 Translocations
 * Level 1.8 Shapeshifting


You couldn't memorise any spells.
You knew the following spells:

 Your Spells              Type           Power      Damage    Failure   Level
a - Blink                 Tloc           10%        N/A       7%          2
b - Manifold Assault      Tloc           5%         N/A       38%         4
c - Passwall              Erth           1%         N/A       34%         3
d - Teleport Other        Tloc           5%         N/A       13%         3

Your spell library contained the following spells:

 Spells                   Type           Power      Damage    Failure   Level
 Lesser Beckoning         Tloc           10%        N/A       7%          2
 Sandblast                Erth           2%         2d4       13%         1
 Ensorcelled Hibernation  Hex/Ice        2%         N/A       19%         2
 Stone Arrow              Conj/Erth      2%         3d7       34%         3
 Swiftness                Air            1%         N/A       34%         3
 Vhi's Electric Charge    Tloc/Air       6%         N/A       56%         4
 Brom's Barrelling Bould  Conj/Erth      1%         2d3       75%         4


Dungeon Overview and Level Annotations

Branches:
Dungeon (6/15)
 Temple: D:4-7

Altars:
Yredelemnul

Annotations:
D:5 3 runed translucent doors, Banquo's ghost, novice DjAE; Echelon's ghost, amateur CoFi; TheLasagnaBaron's ghost, novice MiFi; zewo's ghost, novice DrAE
D:6 Maggie


Innate Abilities, Weirdness & Mutations

You are too large for most types of armour.
You have claws for hands.
Your natural rate of healing is unusually fast.
You are covered in fur. (AC +1)
You have tough skin. (AC +1)


Message History

You cannot move away from Maggie!
You cannot move away from Maggie!
You cannot move away from Maggie!
You cannot move away from Maggie!
Casting: Blink (safe; 7% risk of failure)
Confirm with . or Enter, or press ? or * to list all spells.
Aiming: Teleport Other (dangerous; 13% risk of failure)
Press: ? - help, Shift-Dir - straight line, f - Maggie
Aim: Maggie, wielding a +2 scimitar of draining and wearing +0 swamp dragon scales (severely wounded, mesmerising, chance to affect: 40%) Maggie resists with some effort.
Casting: Teleport Other (dangerous; 13% risk of failure)
Confirm with . or Enter, or press ? or * to list all spells.
Aiming: Teleport Other (dangerous; 13% risk of failure)
Press: ? - help, Shift-Dir - straight line, f/p - Maggie
Aim: Maggie, wielding a +2 scimitar of draining and wearing +0 swamp dragon scales (severely wounded, mesmerising, chance to affect: 40%) Maggie resists with some effort.
Casting: Teleport Other (dangerous; 13% risk of failure)
Confirm with . or Enter, or press ? or * to list all spells.
Okay, then.
You cannot move away from Maggie!
Throw: 5 darts (poison)
Press: ? - help, Q - select action, (/) - cycle Shift-Dir - straight line, f/p - Maggie
Aim: Maggie, wielding a +2 scimitar of draining and wearing +0 swamp dragon scales (severely wounded, mesmerising, 56% to hit)
You throw a poisoned dart. The poisoned dart barely misses Maggie.
You break out of your daze.
Maggie casts a spell.
Maggie attempts to bespell you! You resist.
Throw: 4 darts (poison)
Press: ? - help, Q - select action, (/) - cycle Shift-Dir - straight line, f/p - Maggie
Aim: Maggie, wielding a +2 scimitar of draining and wearing +0 swamp dragon scales (severely wounded, 56% to hit)
You throw a poisoned dart. The poisoned dart barely misses Maggie.
Throw: 7 darts (disperse)
Press: ? - help, Q - select action, (/) - cycle Shift-Dir - straight line, f/p - Maggie
Aim: Maggie, wielding a +2 scimitar of draining and wearing +0 swamp dragon scales (severely wounded, 56% to hit)
You throw a dart of dispersal. The dart of dispersal hits Maggie.
Maggie blinks!
Maggie is severely wounded.
Maggie casts a spell at you. The bolt of fire hits you!
You die...

... ....... ...
#.....# #
..##.....#..
..........#
.........#
........# #.......#
. #@......##..
#.....#......@....
#.....#..........
#....[#ยง......#
#....#.......#
##...##(......# .
#....####'######...
#..................
#...........@..[...


You could see Maggie.

Vanquished Creatures
  Eustachio (D:4)
  2 ice beasts
  A black bear (D:3)
  3 scorpions
  A bombardier beetle (D:4)
  2 jellies (D:4)
  An orc priest (D:4)
  2 hounds (D:5)
  4 sleepcaps
  Ijyb (D:4)
  2 iguanas (D:4)
  10 adders
  2 dart slugs (D:1)
  9 orcs
  8 ball pythons
  6 endoplasms
  2 giant cockroaches
  4 goblins
  4 hobgoblins
  3 jackals (D:1)
  7 quokkas
  8 bats
  4 frilled lizards
  8 kobolds
  6 rats
101 creatures vanquished.

Notes
Turn   | Place    | Note
-------+----------+-------------------------------------------
     0 | D:1      | HC7 the Troll Warper began the quest for the Orb.
     0 | D:1      | Reached XP level 1. HP: 19/19 MP: 1/1
   195 | D:1      | Reached XP level 2. HP: 24/28 MP: 2/2
   548 | D:1      | Reached XP level 3. HP: 24/35 MP: 3/3
  1431 | D:2      | Reached skill level 1 in Unarmed Combat
  1431 | D:2      | Reached XP level 4. HP: 40/42 MP: 5/5
  2646 | D:4      | Noticed a black bear
  2662 | D:3      | Killed a black bear
  2663 | D:3      | Reached skill level 2 in Unarmed Combat
  2663 | D:3      | Reached XP level 5. HP: 36/49 MP: 6/6
  2666 | D:3      | Learned a level 2 spell: Blink
  2671 | D:3      | Learned a level 4 spell: Manifold Assault
  2750 | D:4      | Reached skill level 1 in Stealth
  2765 | D:4      | Reached XP level 6. HP: 38/57 MP: 3/8
  2766 | D:4      | Noticed Ijyb
  2774 | D:4      | Paralysed by Ijyb for 5 turns
  2781 | D:4      | Paralysed by Ijyb for 5 turns
  2794 | D:4      | Killed Ijyb
  2842 | D:4      | Reached skill level 3 in Unarmed Combat
  2845 | D:4      | Found a basalt altar of Yredelemnul.
  3004 | D:4      | Noticed an ice beast
  3037 | D:4      | Reached XP level 7. HP: 65/65 MP: 7/9
  3048 | D:4      | Reached skill level 4 in Unarmed Combat
  3178 | D:4      | Noticed Eustachio
  3248 | D:4      | Killed Eustachio
  3549 | D:5      | Entered Level 5 of the Dungeon
  3723 | D:5      | Identified the +4 ring mail of the Skies Above {rCorr MP+9}
  3751 | D:5      | Learned a level 3 spell: Passwall
  3871 | D:5      | Reached skill level 5 in Unarmed Combat
  3871 | D:5      | Reached skill level 1 in Shapeshifting
  3871 | D:5      | Reached XP level 8. HP: 74/74 MP: 10/10
  4249 | D:5      | Found a runed translucent gate.
  4249 | D:5      | Found a runed translucent gate.
  4251 | D:5      | Found a runed translucent gate.
  4252 | D:5      | Noticed Echelon's ghost (amateur CoFi)
  4252 | D:5      | Noticed Banquo's ghost (novice DjAE)
  4252 | D:5      | Noticed TheLasagnaBaron's ghost (novice MiFi)
  4252 | D:5      | Noticed zewo's ghost (novice DrAE)
  4394 | D:5      | Learned a level 3 spell: Teleport Other
  4469 | D:6      | Noticed Maggie
  4504 | D:6      | Killed from afar by Maggie

Illustrated notes

Levels and vault maps discovered:
D:1:      dpeg_arrival_court, layout_loops_ring, serial_bayou_ford_a,
          kennysheep_doodads
D:2:      minmay_razor_zed, layout_loops_cross
D:3:      layout_loops_corners
D:4:      layout_basic, general_overflow_altar, uniq_eustachio, uniq_ijyb
D:5:      layout_basic, gammafunk_ghost_cemetery, hangedman_abyss_or_decor_slice
D:6:      layout_gridville, elyvilon_altar_1, minmay_misc_feat_secret_circle,
          uniq_edmund, uniq_maggie

Skill      XL: |  1  2  3  4  5  6  7 |
---------------+----------------------+-----
Dodging        | 2 3 4 |  4.1
Unarmed Combat | 1 2 3 5 |  5.2
Fighting       | 2 |  2.4
Stealth        | 1 2 |  2.1
Spellcasting   | 2 |  2.5
Shapeshifting  | 1 |  1.8
Polearms       | |  1.8
Throwing       | |  0.8
Translocations | |  2.6

Action                     |  1- 3 |  4- 6 |  7- 9 || total
---------------------------+-------+-------+-------++-------
  Melee: Unarmed           |   124 |   161 |   146 ||   431
         Punch             |     1 |     3 |     5 ||     9
  Throw: Dart              |       |       |     3 ||     3
   Cast: Manifold Assault  |       |     2 |       ||     2
         Blink             |       |     2 |     2 ||     4
         Teleport Other    |       |       |     2 ||     2
    Use: Scroll            |     2 |     2 |     3 ||     7
   Stab: Sleeping          |       |       |     1 ||     1
 Armour: Robe              |    99 |   161 |   102 ||   362
  Dodge: Dodged            |    90 |   117 |    90 ||   297
  Block: Other             |       |       |    12 ||    12

Table legend: (Time is in decaauts)
 A = Elapsed time spent in this place.
 B = Non-inter-level travel time spent in this place.
 C = Inter-level travel time spent in this place.
 D = Time resting spent in this place.
 E = Time spent auto-exploring this place.
 F = Levels seen in this place.
 G = Mean time per level.
                   A        B        C        D        E       F      G
               +--------+--------+--------+--------+--------+-----+--------+
         Total |   4482 |   4296 |    186 |      0 |   3086 |   6 |  747.0 |
       Dungeon |   4482 |   4296 |    186 |      0 |   3086 |   6 |  747.0 |
               +--------+--------+--------+--------+--------+-----+--------+

Top non-repeatable levels by time:
     D:2: 939 daAuts
     D:4: 896 daAuts
     D:1: 892 daAuts
     D:5: 880 daAuts
     D:3: 807 daAuts
     D:6: 66 daAuts
